 Dungeon Crawl Stone Soup version 0.23-a0-565-g3e74e4c (webtiles) character file.

3525 KristoblXynda the Destroyer (level 9, -2/74 HPs)
             Began as a Grey Draconian Conjurer on Dec 13, 2018.
             Was an Initiate of Gozag.
             Slain by a two-headed ogre
             ... wielding a +0 giant club
              (22 damage)
             ... on level 8 of the Dungeon.
             The game lasted 00:27:33 (9696 turns).

KristoblXynda the Destroyer (DrCj)                  Turns: 9696, Time: 00:27:34

Health: -2/74      AC: 13    Str: 10    XL:     9   Next: 81%
Magic:  3/19       EV: 12    Int: 18    God:    Gozag
Gold:   631        SH:  0    Dex: 15    Spells: 13/21 levels left

rFire    . . .     SeeInvis .   v - +1 dagger "Ufunekefu" {holy, *Drain +Inv rElec Dex+2}
rCold    . . .     Gourm    .   (no shield)
rNeg     . . .     Faith    .   (armour unavailable)
rPois    .         Spirit   .   (helmet restricted)
rElec    +         Reflect  .   (no cloak)
rCorr    .         Harm     .   o - +0 pair of gloves
MR       +....                  (no boots)
Stlth    ++........             (no amulet)
HPRegen  0.22/turn              l - ring of wizardry
MPRegen  0.16/turn              u - ring of protection from magic

@: no status effects
A: walk through water, unfitting armour, unbreathing, cold-blooded, AC +12
a: Potion Petition, Call Merchant, Bribe Branch, Renounce Religion, Evoke
Invisibility


You were on level 8 of the Dungeon.
You worshipped Gozag.
Gozag was pleased with you.
You were hungry.

You visited 2 branches of the dungeon, and saw 9 of its levels.
You also visited: Ossuary.

You collected 686 gold pieces.
You paid 55 gold pieces to Gozag.

Inventory:

Hand Weapons
 h - a +2 dagger of venom
 q - a +2 rapier of speed
 v - the +1 dagger "Ufunekefu" (weapon) {holy, *Drain +Inv rElec Dex+2}
   (You found it on level 4 of the Dungeon)

   It has been blessed by the Shining One to cause great damage to the undead
   and demons.
   It affects your dexterity (+2).
   It insulates you from electricity.
   It lets you turn invisible.
   It causes draining when unequipped.
Armour
 o - a +0 pair of gloves (worn)
Jewellery
 l - a ring of wizardry (left hand)
 u - a ring of protection from magic (right hand)
 w - an uncursed ring of stealth
Wands
 n - a wand of digging (3)
Scrolls
 d - 5 scrolls of remove curse
 e - 3 scrolls of teleportation
 p - a scroll of amnesia
 r - 2 scrolls of blinking
 s - 2 scrolls of enchant weapon
 y - a scroll of fog
Potions
 a - 2 potions of flight
 c - 2 potions of ambrosia
 f - 2 potions of curing
 g - 6 potions of haste
 j - 2 potions of brilliance
 k - a potion of agility
 m - a potion of might
 x - a potion of lignification
 z - a potion of invisibility {unknown}
Comestibles
 b - 6 rations


   Skills:
 - Level 5.1 Fighting
 - Level 4.0 Short Blades
 - Level 1.7 Dodging
 - Level 1.7 Stealth
 - Level 1.2 Unarmed Combat
 + Level 6.8 Spellcasting
 + Level 9.5 Conjurations
 + Level 5.1 Evocations


You had 13 spell levels left.
You knew the following spells:

 Your Spells              Type           Power        Failure   Level  Hunger
a - Magic Dart            Conj           ####         1%          1    None
b - Iskenderun's Mystic   Conj           #####...     1%          4    ####...
c - Dazzling Spray        Conj/Hex       ###...       1%          3    ##.....

Your spell library contained the following spells:

 Spells                   Type           Power        Failure   Level  Hunger
 Searing Ray              Conj           #####.       1%          2    None
 Force Lance              Conj/Tloc      ###.....     6%          4    ####...
 Fulminant Prism          Conj/Hex       ###.......   6%          4    ####...


Dungeon Overview and Level Annotations

Branches:
Dungeon (7/15)             Temple (1/1) D:5            Lair (0/6) D:8

Altars:
Ashenzari
Cheibriados
Dithmenos
Elyvilon
Fedhas
Gozag
Hepliaklqana
Kikubaaqudgha
Makhleb
Nemelex Xobeh
Okawaru
Qazlal
Sif Muna
Trog
Uskayaw
Vehumet
Wu Jian
Xom
Yredelemnul
Zin
The Shining One


Innate Abilities, Weirdness & Mutations

You can walk through water.
Your dull iron-grey scales are very hard. (AC +12)
You cannot fit into any form of body armour.
You can survive without breathing.
You are cold-blooded and may be slowed by cold attacks.


Message History

You don't know that spell.
Casting: Dazzling Spray (safe; 1% risk of failure)
Confirm with . or Enter, or press ? or * to list all spells.
Aiming: Dazzling Spray (safe; 1% risk of failure)
Press: ? - help, Shift-Dir - straight line, f/p - two-headed ogre
Aim: a two-headed ogre, wielding two +0 giant clubs (moderately wounded)
The spray of energy hits the two-headed ogre.
The two-headed ogre is moderately wounded.
Casting: Dazzling Spray (safe; 1% risk of failure)
Confirm with . or Enter, or press ? or * to list all spells.
Aiming: Dazzling Spray (safe; 1% risk of failure)
Press: ? - help, Shift-Dir - straight line, f/p - two-headed ogre
Aim: a two-headed ogre, wielding two +0 giant clubs (moderately wounded)
The spray of energy hits the two-headed ogre.
The two-headed ogre is moderately wounded.
The two-headed ogre hits you with a +0 giant club!!
* * * LOW HITPOINT WARNING * * *
The two-headed ogre hits you with a +0 giant club!!
You die...
Your body crumbles into a pile of gold.

.. #..##F# #'# #...#.#
#####.### ##..#.#
##.......#### #..#.#
#...........# #....#
.##.........#.# ##.###
............#.# #.#
.##...........######.#
#.............@O...#
#.........#>########
#.####.##.#.# #(
.>......# # ##########


You could see a two-headed ogre.

Vanquished Creatures
  Grinder (D:3)
  Sigmund (D:6)
  Eustachio (D:5)
  A hungry ghost (D:8)
  Menkaure (D:4)
  Edmund (D:5)
  2 sky beasts
  3 orc warriors (D:6)
  3 ogres
  A phantom (D:5)
  2 centaurs
  2 elf zombies (Ossuary)
  Blork the orc (D:5)
  3 bullfrogs
  A scorpion (D:7)
  4 killer bees (D:7)
  A howler monkey (D:4)
  6 crimson imps
  A bullfrog zombie (D:5)
  2 orc priests
  A bullfrog skeleton (D:4)
  A centaur skeleton (D:6)
  4 orc wizards (D:6)
  8 worker ants
  A big kobold zombie (Ossuary)
  2 hound zombies (Ossuary)
  A hound skeleton (D:6)
  4 mummies (Ossuary)
  A worker ant zombie (D:5)
  4 gnolls (D:7)
  8 adders
  A howler monkey skeleton (D:4)
  2 shadow imps (D:5)
  2 oozes
  3 worms
  6 dart slugs
  3 leopard geckos
  19 orcs
  A ball python (D:4)
  7 giant cockroaches
  9 goblins
  10 hobgoblins
  4 jackals
  6 quokkas
  11 bats
  4 frilled lizards
  2 goblin zombies (Ossuary)
  2 hobgoblin zombies (Ossuary)
  A jackal skeleton (D:6)
  11 kobolds
  A kobold zombie (Ossuary)
  An orc zombie (Ossuary)
  A quokka zombie (D:6)
  8 rats
  A rat zombie (Ossuary)
189 creatures vanquished.

Notes
Turn   | Place    | Note
-------+----------+-------------------------------------------
     0 | D:1      | KristoblXynda the Draconian Conjurer began the quest for
                  | the Orb.
     0 | D:1      | Reached XP level 1. HP: 14/14 MP: 3/3
   283 | D:1      | Reached skill level 1 in Unarmed Combat
   285 | D:1      | Reached XP level 2. HP: 6/20 MP: 1/5
  1339 | D:1      | Reached skill level 1 in Short Blades
  1341 | D:1      | Reached XP level 3. HP: 24/26 MP: 6/6
  2041 | D:2      | Found a bloodstained altar of Trog.
  2041 | D:2      | Found a glowing golden altar of the Shining One.
  2136 | D:2      | Reached XP level 4. HP: 23/33 MP: 7/7
  2714 | D:3      | Reached skill level 5 in Conjurations
  2757 | D:3      | Found a stormy altar of Qazlal.
  3033 | D:3      | Noticed Grinder
  3079 | D:3      | Killed Grinder
  3079 | D:3      | Reached skill level 6 in Conjurations
  3079 | D:3      | Reached XP level 5. HP: 11/38 MP: 0/8
  3079 | D:3      | Reached XP level 6. HP: 13/45 MP: 0/9
  3207 | D:3      | Learned a level 4 spell: Iskenderun's Mystic Blast
  3780 | D:3      | Reached skill level 1 in Fighting
  4149 | D:4      | Noticed Menkaure
  4337 | D:4      | Found a sand-covered staircase.
  4347 | D:4      | Your scales start taking on a dull iron-grey colour.
  4347 | D:4      | Reached XP level 7. HP: 25/55 MP: 10/10
  4347 | D:4      | Gained mutation: You can survive without breathing. [Grey
                  | Draconian growth]
  4357 | Ossuary  | Entered an ossuary
  5059 | D:4      | Reached skill level 7 in Conjurations
  5382 | D:4      | Got a steaming dagger
  5385 | D:4      | Identified the +1 dagger "Ufunekefu" {holy, *Drain +Inv
                  | rElec Dex+2} (You found it on level 4 of the Dungeon)
  5804 | D:4      | Killed Menkaure
  5804 | D:4      | Reached XP level 8. HP: 35/66 MP: 5/14
  5885 | D:5      | Entered Level 5 of the Dungeon
  5965 | D:5      | Noticed Eustachio
  5993 | D:5      | Noticed Edmund
  6010 | D:5      | Killed Edmund
  6274 | D:5      | Reached skill level 5 in Fighting
  6407 | D:5      | Noticed Blork the orc
  6437 | D:5      | Killed Blork the orc
  6577 | D:5      | Found a staircase to the Ecumenical Temple.
  6585 | Temple   | Entered the Ecumenical Temple
  7005 | Temple   | Became a worshipper of Gozag Ym Sagoz the Greedy
  7074 | D:5      | Killed Eustachio
  7074 | D:5      | Reached skill level 5 in Spellcasting
  7074 | D:5      | Reached skill level 8 in Conjurations
  7074 | D:5      | Reached skill level 1 in Evocations
  7489 | D:6      | Reached XP level 9. HP: 52/74 MP: 2/17
  8254 | D:6      | Noticed Sigmund
  8281 | D:6      | Killed Sigmund
  8308 | D:6      | Reached skill level 9 in Conjurations
  9209 | D:7      | Learned a level 3 spell: Dazzling Spray
  9544 | D:7      | Reached skill level 5 in Evocations
  9567 | D:7      | You fall through a shaft!
  9593 | D:8      | Found a staircase to the Lair.
  9618 | D:8      | Noticed a two-headed ogre
  9696 | D:8      | Slain by a two-headed ogre

Vault maps used:
D:1:      lightli_molten_gateway, chequers_garden, minmay_misc_feat_cross
D:2:      chequers_temple_overflow_statue_of_worship
D:3:      nicolae_qazlal_general_emergency, uniq_grinder
D:4:      chequers_ossuary_entry_cave, first_ration, uniq_menkaure
D:5:      minmay_temple_entry_glassed_door, uniq_eustachio, uniq_edmund,
          uniq_blork_the_orc
D:6:      serial_curves, eino_curves_04, eino_curves_03, eino_curves_03,
          uniq_sigmund
D:8:      lair_entry_dummy, serial_shops, shop, special_room
Temple:   dpeg_five_rooms_temple
Ossuary:  ossuary_minmay_tomb_2a

Skill      XL: |  1  2  3  4  5  6  7  8  9 |
---------------+----------------------------+-----
Unarmed Combat | 1 |  1.2
Short Blades   | 1 3 4 |  4.0
Conjurations   | 6 7 8 9 |  9.5
Fighting       | 2 4 5 |  5.1
Spellcasting   | 4 5 6 |  6.8
Evocations     | 2 5 |  5.1
Dodging        | |  1.7
Stealth        | |  1.7

Action                   |  1- 3 |  4- 6 |  7- 9 || total
-------------------------+-------+-------+-------++-------
Melee: Unarmed           |    47 |       |       ||    47
       Tailslap          |     6 |    17 |    64 ||    87
       Dagger            |    80 |   187 |   555 ||   822
       Punch             |       |       |     2 ||     2
 Cast: Magic Dart        |    19 |    28 |    83 ||   130
       Iskenderun's Myst |       |     3 |    32 ||    35
       Dazzling Spray    |       |       |     4 ||     4
Evoke: Wand              |       |       |    26 ||    26
  Use: Scroll            |       |    10 |     5 ||    15
       Potion            |       |     3 |     4 ||     7
 Stab: Sleeping          |     3 |     3 |     3 ||     9
       Paralysed         |       |       |     6 ||     6
       Distracted        |       |       |     2 ||     2
  Eat: Chunk             |     1 |     6 |     3 ||    10
       Ration            |     1 |       |     6 ||     7
Armor: Skin              |    43 |    66 |   234 ||   343
Dodge: Dodged            |   121 |   106 |   329 ||   556

Table legend:
 A = Non-vault XP
 B = Vault XP
 C = Vault XP percentage of total XP
 D = Non-vault monster count
 E = Vault monster count
 F = Vault count percentage of total count
                 A         B        C        D         E       F
            +---------+---------+-------+---------+---------+-------
      Total |    3604 |    1432 |  28.4 |     167 |      21 |  11.2
            +---------+---------+-------+---------+---------+-------
        D:1 |      43 |       0 |   0.0 |      22 |       0 |   0.0
        D:2 |      66 |       0 |   0.0 |      24 |       0 |   0.0
        D:3 |     260 |     262 |  50.2 |      40 |       1 |   2.4
        D:4 |     395 |     165 |  29.5 |      16 |       1 |   5.9
        D:5 |     418 |     451 |  51.9 |      13 |       3 |  18.8
        D:6 |    1454 |     220 |  13.1 |      36 |       1 |   2.7
        D:7 |     782 |       0 |   0.0 |      15 |       0 |   0.0
        D:8 |     186 |       0 |   0.0 |       1 |       0 |   0.0
    Ossuary |       0 |     334 | 100.0 |       0 |      15 | 100.0
            +---------+---------+-------+---------+---------+-------
